 Dungeon Crawl Stone Soup version 0.31-a0-1616-gbeaec30b81 (webtiles) character file.

Game seed: 12123894935958552032

24 grandjackal the Cudgeller (level 2, -1/23 HPs)
             Began as a Demonspawn Gladiator on Jan 11, 2024.
             Slain by a goblin
             ... wielding a +0 club
              (4 damage)
             ... on level 1 of the Dungeon.
             The game lasted 00:00:43 (751 turns).

grandjackal the Cudgeller (Demonspawn Gladiator)     Turns: 751, Time: 00:00:43

Health: -1/23      AC:  3    Str: 14    XL:     2   Next: 79%
Magic:  2/2        EV: 12    Int:  8    God:
Gold:   23         SH:  0    Dex: 14    Spells: 1/1 levels left

rFire   . . .        a - +0 flail
rCold   . . .        (no shield)
rNeg    . . .        b - +0 leather armour
rPois   .            (helmet restricted)
rElec   .            (no cloak)
rCorr   .            (no gloves)
SInv    .            (no boots)
Will    .....        (no amulet)
Stlth   +            (no ring)
HPRegen 0.23/turn    (no ring)
MPRegen 0.08/turn

%: no passive effects
@: no status effects
A: antennae 1
a: no special abilities


You were on level 1 of the Dungeon.
You visited 1 branch of the dungeon, and saw 1 of its levels.

You collected 23 gold pieces.

Inventory:

Hand Weapons
 a - a +0 flail (weapon)
Missiles
 d - 3 throwing nets (quivered)
 e - a javelin
Armour
 b - a +0 leather armour (worn)
Scrolls
 c - a scroll of blinking {unknown}
 f - 4 scrolls of identify {unknown}
 g - a scroll of enchant weapon {unknown}
 i - a scroll of poison {unknown}
Potions
 h - a potion of enlightenment {unknown}
 j - a potion of mutation {unknown}


   Skills:
 + Level 2.4 Fighting
 + Level 3.0 Maces & Flails
 - Level 2.0 Throwing
 - Level 3.0 Dodging


You had one spell level left.
You didn't know any spells.
Your spell library was empty.

Dungeon Overview and Level Annotations

Branches:
Dungeon (1/15)

Altars:


Innate Abilities, Weirdness & Mutations

You have a pair of small antennae on your head.


Message History

The endoplasm hits you but does no damage.
The bat hits you.
You closely miss the bat. The bat closely misses you.
The bat hits you but does no damage. The goblin hits you with a +0 club.
The bat misses you.
You completely miss the bat. The bat completely misses you.
The goblin hits you with a +0 club.
You barely miss the endoplasm.
The endoplasm is heavily wounded.
The bat barely misses you. The goblin hits you with a +0 club.
The endoplasm hits you. The goblin closely misses you.
The endoplasm freezes you.
You are frozen.
You are too injured to fight recklessly!
You hit the endoplasm.
The endoplasm is almost dead.
The bat hits you but does no damage. The goblin closely misses you.
The endoplasm hits you but does no damage.
You sock the endoplasm!
You kill the endoplasm!
The bat misses you. The goblin closely misses you.
You closely miss the goblin. The goblin hits you with a +0 club.
The bat barely misses you. The goblin hits you with a +0 club.
You barely miss the goblin. The bat barely misses you.
The goblin barely misses you.
You hit the goblin.
The goblin is moderately wounded.
The bat barely misses you. The bat hits you but does no damage.
The goblin hits you with a +0 club.
* * * LOW HITPOINT WARNING * * *
You hit the goblin.
The goblin is heavily wounded.
The bat hits you.
* * * LOW HITPOINT WARNING * * *
The goblin barely misses you.
You closely miss the goblin.
The goblin is heavily wounded.
The bat misses you. The goblin barely misses you.
The goblin hits you with a +0 club.
You die...

....# ########### #..........
....# ..........#####..........
....# ..........##.............
....# ..........##.............
....# ..........##....#........
....# ..........#######.#.#####
....# ..........#######.#.#...>
....# ......).g...........#.###
.#### ########@...............#
.# #.....b.............# .#####
######...................#
.....###........................#
.....+...................##.....#
.....# #.......[.##......##.#....
.....###.......#+##.........####.
..................######........~
............###...#....#...####.~


You could see a goblin and a bat.

Vanquished Creatures
  A dart slug (D:1)
  3 bats (D:1)
  An endoplasm (D:1)
  A giant cockroach (D:1)
  4 goblins (D:1)
  A hobgoblin (D:1)
  3 quokkas (D:1)
  2 frilled lizards (D:1)
  2 kobolds (D:1)
  2 rats (D:1)
20 creatures vanquished.

Notes
Turn   | Place    | Note
-------+----------+-------------------------------------------
     0 | D:1      | grandjackal the Demonspawn Gladiator began the quest for
                  | the Orb.
     0 | D:1      | Reached XP level 1. HP: 16/16 MP: 1/1
   344 | D:1      | Gained mutation: You have a pair of small antennae on your
                  | head. [demonic ancestry]
   344 | D:1      | Reached XP level 2. HP: 20/22 MP: 2/2
   751 | D:1      | Slain by a goblin

Illustrated notes

Levels and vault maps discovered:
D:1:      wander_arrival_desolate, layout_basic, chequers_serial_rivers_micro_c

Skill      XL: |  1  2 |
---------------+-------+-----
Throwing       | 2 |  2.0
Maces & Flails | 3 |  3.0
Dodging        | 3 |  3.0
Fighting       | |  2.4

Action                     || total
---------------------------++-------
  Melee: Flail             ||    61
 Armour: Leather armour    ||    42
  Dodge: Dodged            ||    56

Table legend: (Time is in decaauts)
 A = Elapsed time spent in this place.
 B = Non-inter-level travel time spent in this place.
 C = Inter-level travel time spent in this place.
 D = Time resting spent in this place.
 E = Time spent auto-exploring this place.
 F = Levels seen in this place.
 G = Mean time per level.
                   A        B        C        D        E       F      G
               +--------+--------+--------+--------+--------+-----+--------+
         Total |    766 |    766 |      0 |     35 |    581 |   1 |  766.0 |
       Dungeon |    766 |    766 |      0 |     35 |    581 |   1 |  766.0 |
               +--------+--------+--------+--------+--------+-----+--------+

Top non-repeatable levels by time:
     D:1: 766 daAuts
